 Dungeon Crawl Stone Soup version 0.31-a0-152-g6aa68a64a1 (webtiles) character file.

Game seed: 11407601539538029554

464 qw the Chopper (level 7, -1/43 HPs)
             Began as a Gargoyle Fighter on June 11, 2023.
             Slain by a sleepcap (5 damage)
             ... on level 5 of the Dungeon.
             The game lasted 00:02:05 (4159 turns).

qw the Chopper (Gargoyle Fighter)                   Turns: 4159, Time: 00:02:06

Health: -1/43      AC: 20    Str: 22    XL:     7   Next: 8%
Magic:  7/7        EV:  8    Int:  8    God:
Gold:   177        SH:  4    Dex:  9    Spells: 6/6 levels left

rFire   . . .        Y - +0 war axe
rCold   . . .        c - +0 buckler
rNeg    + . .        p - +0 chain mail
rPois   inf          m - +0 helmet
rElec   +            i - +0 cloak
rCorr   .            (no gloves)
SInv    .            (no boots)
Will    +....        (no amulet) Stlth
                     k - +4 ring of protection
HPRegen 0.27/turn    l - ring of willpower
MPRegen 0.10/turn

%: no passive effects
@: no status effects
A: sickness immunity, AC +4, negative energy resistance 1, electricity
resistance, torment resistance 1, petrification resistance
a: no special abilities


You were on level 5 of the Dungeon.
You visited 1 branch of the dungeon, and saw 5 of its levels.

You collected 177 gold pieces.


Innate Abilities, Weirdness & Mutations

You are immune to sickness and miasma.
Your stone body is resilient. (AC +4)
You are immune to poison.
You resist negative energy. (rN+)
You are resistant to electric shocks. (rElec)
You are resistant to unholy torment.
You are immune to petrification.


   Skills:
 - Level 4.1 Fighting
 + Level 6.2 Axes
 - Level 3.2 Armour
 - Level 1.2 Dodging
 - Level 3.2 Shields


You had 6 spell levels left.
You didn't know any spells.
Your spell library was empty.

Inventory:

Hand Weapons
 e - a +0 flail
 Y - a +0 war axe (weapon)
Missiles
 b - 2 boomerangs (quivered)
Armour
 c - a +0 buckler (worn)
 i - a +0 cloak (worn)
 m - a +0 helmet (worn)
 p - a +0 chain mail (worn)
Jewellery
 k - a +4 ring of protection (left hand)
 l - a ring of willpower (right hand)
Scrolls
 a - a scroll of identify
Potions
 d - 4 potions of might
 f - a potion of curing
 g - a potion of haste
 h - a potion of resistance
 j - a potion of mutation
 o - a potion of heal wounds {unknown}
 q - a potion of lignification {unknown}

Dungeon Overview and Level Annotations

Branches:
Dungeon (5/15)             Temple (0/1) D:5

Altars:

Annotations:
D:3 2 runed translucent doors
D:4 3 runed translucent doors, qw's ghost, amateur GrHu


Message History

(D) Dungeon (T) Temple
Where to? (* - list waypoints, Enter - Temple, ? - help)
Found a potion of haste.
The ogre shouts!
You throw a boomerang. The boomerang barely misses the ogre.
(D) Dungeon (T) Temple
Where to? (* - list waypoints, Enter - Temple, ? - help)
You throw a boomerang. The boomerang hits the ogre.
The ogre is lightly wounded.
A sleepcap comes into view.
You hit the ogre.
The ogre is moderately wounded.
The ogre barely misses you.
You barely miss the ogre.
The ogre is moderately wounded.
The ogre hits you with a +0 giant club!
You completely miss the ogre.
The ogre is moderately wounded.
The ogre hits you with a +0 giant club!
You hit the ogre.
The ogre is heavily wounded.
The ogre barely misses you.
You hit the ogre but do no damage.
The ogre is heavily wounded.
You hit the ogre.
The ogre is severely wounded.
You block the ogre's attack.
You hit the ogre but do no damage.
The ogre is severely wounded.
The ogre hits you with a +0 giant club!
You slash the ogre!
You kill the ogre!
Your Axes skill increases to level 6!
You have reached level 7!
You hit the sleepcap.
The sleepcap is lightly damaged.
You block the sleepcap's attack.
You slash the sleepcap!
The sleepcap is heavily damaged.
The sleepcap releases spores at you.
You die...

#.....###............!
##.%.....'.............
...[[#####.......#...#
.....'...'......##...#
.....#####.....##....
.....# #....##..# #
.....# #.......# .##
.....# ##.#.%.##...##.
.....# #.#...@f.>....
.....# #.....##...##.
.....# ##.....# .##
.....# #..##$.# #
.....# #... #... .#####
#.#. #... #. . ...


You could see a sleepcap.

Vanquished Creatures
  An ogre (D:5)
  A howler monkey (D:5)
  A hound (D:4)
  A jelly (D:5)
  2 orc priests
  2 iguanas
  6 adders
  A river rat (D:3)
  A worm (D:3)
  3 dart slugs
  8 orcs
  4 ball pythons
  8 bats
  8 endoplasms (D:1)
  4 giant cockroaches
  9 goblins
  8 hobgoblins
  5 jackals
  8 kobolds
  8 quokkas
  4 frilled lizards
  6 rats
99 creatures vanquished.

Notes
Turn   | Place    | Note
-------+----------+-------------------------------------------
     0 | D:1      | qw the Gargoyle Fighter began the quest for the Orb.
     0 | D:1      | Reached XP level 1. HP: 14/14 MP: 1/1
     0 | D:1      | 0 ||| qw: Version: 0.2-a-29-g99eb96e
     0 | D:1      | 0 ||| qw: Game counter: 4099
     0 | D:1      | 0 ||| qw: Always use a shield: true
     0 | D:1      | 0 ||| qw: God list: Okawaru
     0 | D:1      | 0 ||| qw: Allow faded altars: false
     0 | D:1      | 0 ||| qw: Do Orc after D:15 true
     0 | D:1      | 0 ||| qw: Do second Lair branch before Depths: true
     0 | D:1      | 0 ||| qw: Lair rune preference: random
     0 | D:1      | 0 ||| qw: Plans: Normal, Zot:1-4, Slime:5, God:TSO, Crypt,
                  | Tomb, Abyss, Pan, Hells, Win
     0 | D:1      | 0 ||| PLANNING D:1-11
    40 | D:1      | Reached skill level 2 in Axes
    58 | D:1      | Reached XP level 2. HP: 18/19 MP: 2/2
   117 | D:1      | 117 ||| FLEEEEING.
   119 | D:1      | 119 ||| FLEEEEING.
   120 | D:1      | 120 ||| FLEEEEING.
   121 | D:1      | 121 ||| FLEEEEING.
   122 | D:1      | 122 ||| FLEEEEING.
   123 | D:1      | 123 ||| FLEEEEING.
   124 | D:1      | 124 ||| FLEEEEING.
   125 | D:1      | 125 ||| FLEEEEING.
   216 | D:1      | Reached skill level 3 in Axes
   217 | D:1      | 217 ||| Stepping ~*~*~tactically~*~*~ (hiding).
   226 | D:1      | Reached XP level 3. HP: 23/23 MP: 3/3
   877 | D:1      | 877 ||| UPGRADING to +0 cloak.
   882 | D:1      | 882 ||| READING 2 scrolls labelled ORIESI LEVAXI.
   883 | D:1      | 883 ||| READING scroll labelled ORIZOE JEZEKHI.
   914 | D:2      | Reached XP level 4. HP: 27/28 MP: 4/4
   966 | D:2      | 966 ||| Stepping ~*~*~tactically~*~*~ (hiding).
   968 | D:2      | 968 ||| Stepping ~*~*~tactically~*~*~ (hiding).
   969 | D:2      | 969 ||| Stepping ~*~*~tactically~*~*~ (hiding).
   970 | D:2      | 970 ||| Stepping ~*~*~tactically~*~*~ (hiding).
   971 | D:2      | 971 ||| Stepping ~*~*~tactically~*~*~ (hiding).
   973 | D:2      | 973 ||| Stepping ~*~*~tactically~*~*~ (hiding).
  1025 | D:2      | 1025 ||| Stepping ~*~*~tactically~*~*~ (stealth).
  1042 | D:2      | 1042 ||| Stepping ~*~*~tactically~*~*~ (stealth).
  1097 | D:2      | Reached skill level 4 in Axes
  1485 | D:2      | 1485 ||| Stepping ~*~*~tactically~*~*~ (stealth).
  1605 | D:2      | 1605 ||| Stepping ~*~*~tactically~*~*~ (stealth).
  1608 | D:2      | 1608 ||| Stepping ~*~*~tactically~*~*~ (hiding).
  1609 | D:2      | 1609 ||| Stepping ~*~*~tactically~*~*~ (hiding).
  1817 | D:2      | 1817 ||| UPGRADING to +4 ring of protection.
  1818 | D:2      | 1818 ||| READING scroll labelled IMOLUM DIOSYKU.
  1823 | D:2      | 1823 ||| READING scroll labelled YCKALU DAPOQIWK.
  1824 | D:2      | 1824 ||| READING scroll labelled ESMUOH ZATZ.
  1825 | D:2      | 1825 ||| DRINKING 2 bubbling yellow potions.
  1826 | D:2      | 1826 ||| DRINKING 2 fizzy dark potions.
  1827 | D:2      | 1827 ||| READING 2 scrolls of identify.
  1827 | D:2      | 1827 ||| IDENTIFYING silvery potion
  1828 | D:2      | 1828 ||| DROPPING potion of enlightenment.
  1829 | D:2      | 1829 ||| DROPPING potion of invisibility.
  1860 | D:3      | 1860 ||| PLANNING SEWER
  1909 | D:3      | Found a large runed translucent door.
  1909 | D:3      | Found a large runed translucent door.
  1968 | D:3      | Reached XP level 5. HP: 32/32 MP: 5/5
  2612 | D:3      | 2612 ||| RIP SEWER
  2708 | D:3      | 2708 ||| PLANNING D:1-11
  2892 | D:3      | 2892 ||| UPGRADING to ring of willpower.
  2893 | D:3      | 2893 ||| READING scroll labelled YHIEDUEMOGG.
  2894 | D:3      | 2894 ||| READING 2 scrolls of identify.
  2894 | D:3      | 2894 ||| IDENTIFYING inky potion
  2945 | D:4      | Reached skill level 5 in Axes
  2971 | D:4      | 2971 ||| Stepping ~*~*~tactically~*~*~ (stealth).
  2982 | D:4      | 2982 ||| Stepping ~*~*~tactically~*~*~ (stealth).
  3106 | D:4      | Found a runed translucent gate.
  3106 | D:4      | Found a runed translucent gate.
  3106 | D:4      | Found a runed translucent gate.
  3108 | D:4      | Noticed qw's ghost (amateur GrHu)
  3108 | D:4      | Noticed a kobold brigand
  3131 | D:4      | 3131 ||| Stepping ~*~*~tactically~*~*~ (stealth).
  3184 | D:4      | 3184 ||| FLEEEEING.
  3185 | D:4      | 3185 ||| FLEEEEING.
  3187 | D:4      | 3187 ||| FLEEEEING.
  3188 | D:4      | 3188 ||| FLEEEEING.
  3449 | D:4      | 3449 ||| Stepping ~*~*~tactically~*~*~ (hiding).
  3458 | D:4      | Reached skill level 1 in Dodging
  3458 | D:4      | Reached XP level 6. HP: 12/38 MP: 6/6
  3559 | D:4      | 3559 ||| DROPPING +0 club.
  3796 | D:4      | 3796 ||| UPGRADING to +0 chain mail.
  3806 | D:4      | 3806 ||| DROPPING +0 scale mail.
  3807 | D:4      | 3807 ||| READING scroll labelled ZEHOXTA DEH ZOA.
  3808 | D:4      | 3808 ||| READING scroll labelled COETOC HIMI.
  3837 | D:4      | 3837 ||| READING 4 scrolls of identify.
  3837 | D:4      | 3837 ||| IDENTIFYING blue potion
  3838 | D:4      | 3838 ||| READING 3 scrolls of identify.
  3838 | D:4      | 3838 ||| IDENTIFYING puce potion
  3839 | D:4      | 3839 ||| READING 2 scrolls of identify.
  3839 | D:4      | 3839 ||| IDENTIFYING smoky clear potion
  3840 | D:4      | 3840 ||| DROPPING potion of berserk rage.
  3855 | D:5      | Entered Level 5 of the Dungeon
  3861 | D:5      | 3861 ||| Stepping ~*~*~tactically~*~*~ (stealth).
  3862 | D:5      | 3862 ||| Stepping ~*~*~tactically~*~*~ (stealth).
  3863 | D:5      | 3863 ||| Stepping ~*~*~tactically~*~*~ (stealth).
  3864 | D:5      | 3864 ||| Stepping ~*~*~tactically~*~*~ (stealth).
  3865 | D:5      | 3865 ||| Stepping ~*~*~tactically~*~*~ (stealth).
  3903 | D:5      | 3903 ||| Stepping ~*~*~tactically~*~*~ (stealth).
  3986 | D:5      | 3986 ||| DROPPING +0 whip.
  3999 | D:5      | Found a staircase to the Ecumenical Temple.
  4000 | D:5      | 4000 ||| PLANNING TEMPLE
  4000 | D:5      | 4000 ||| UPGRADING to +0 helmet.
  4006 | D:5      | 4006 ||| Stepping ~*~*~tactically~*~*~ (stealth).
  4032 | D:5      | 4032 ||| FLEEEEING.
  4037 | D:5      | 4037 ||| FLEEEEING.
  4044 | D:5      | 4044 ||| STAIRDANCE
  4121 | D:5      | 4121 ||| Stepping ~*~*~tactically~*~*~ (stealth).
  4123 | D:5      | 4123 ||| Stepping ~*~*~tactically~*~*~ (stealth).
  4125 | D:5      | 4125 ||| Stepping ~*~*~tactically~*~*~ (stealth).
  4127 | D:5      | 4127 ||| Stepping ~*~*~tactically~*~*~ (stealth).
  4129 | D:5      | 4129 ||| Stepping ~*~*~tactically~*~*~ (stealth).
  4131 | D:5      | 4131 ||| Stepping ~*~*~tactically~*~*~ (stealth).
  4133 | D:5      | 4133 ||| Stepping ~*~*~tactically~*~*~ (stealth).
  4142 | D:5      | 4142 ||| Stepping ~*~*~tactically~*~*~ (stealth).
  4156 | D:5      | HP: 2/38 [ogre/+0 giant club (13)]
  4158 | D:5      | Reached skill level 6 in Axes
  4158 | D:5      | Reached XP level 7. HP: 3/43 MP: 7/7
  4159 | D:5      | Slain by a sleepcap

Levels and vault maps discovered:
D:1:      psy_arrival_terrarium, layout_basic, minmay_close_crescents
D:2:      layout_basic
D:3:      layout_loops_corners, jmf_multi_god_temple2, gup_sewer_entry_bubbles
D:4:      layout_loops_cross, gammafunk_ghost_nasty_kobolds,
          kennysheep_generic_room_12
D:5:      layout_basic, minmay_temple_entry_waves, hangedman_feature_mirror

Skill      XL: |  1  2  3  4  5  6 |
---------------+-------------------+-----
Axes           | 2 3 4 5 6 |  6.2
Fighting       | 4 |  4.1
Dodging        | 1 |  1.2
Armour         | |  3.2
Shields        | |  3.2

Action                     |  1- 3 |  4- 6 |  7- 9 || total
---------------------------+-------+-------+-------++-------
  Melee: War axe           |   107 |   209 |     2 ||   318
  Throw: Boomerang         |       |    10 |       ||    10
    Use: Scroll            |     2 |    11 |       ||    13
         Potion            |       |     2 |       ||     2
 Armour: Scale mail        |    68 |    79 |       ||   147
         Chain mail        |       |    14 |       ||    14
  Dodge: Dodged            |    55 |    81 |       ||   136
  Block: Buckler           |    18 |    37 |     1 ||    56

Table legend:
 A = Non-vault XP
 B = Vault XP
 C = Vault XP percentage of total XP
 D = Non-vault monster count
 E = Vault monster count
 F = Vault count percentage of total count
                 A         B        C        D         E       F
            +---------+---------+-------+---------+---------+-------
      Total |     623 |      41 |   6.2 |      84 |      15 |  15.2
            +---------+---------+-------+---------+---------+-------
        D:1 |      48 |      12 |  20.0 |      27 |       7 |  20.6
        D:2 |      89 |       0 |   0.0 |      20 |       0 |   0.0
        D:3 |      32 |      24 |  42.9 |       9 |       6 |  40.0
        D:4 |     150 |       5 |   3.2 |      15 |       2 |  11.8
        D:5 |     304 |       0 |   0.0 |      13 |       0 |   0.0
            +---------+---------+-------+---------+---------+-------
